Map: Orbital Shipyard

Players

GreasyCoyote - Winner!

  • Race: Terran Terran
  • League: Diamond

LilDicky

  • Race: Terran Terran
  • League: Diamond

VOD

http://www.twitch.tv/tumescentpie

Description

Time

  • Played on: Jan. 3, 2016, 4:17 a.m.
  • Length: 5:27
Show
View Real Time Build Order
Export as new Build Order

GreasyCoyote Terran - Winner!

Build Orders: Reaper Expand 

Get SALT Encoding   

  12  0:01  SCV  
  13  0:13  SCV  
  14  0:17  Supply Depot  
  14  0:25  SCV  
  15  0:39  SCV  
  15  0:41  Barracks  
  16  0:44  Refinery  
  16  0:51  SCV  
  17  1:03  SCV  
  18  1:15  SCV  
  19  1:28  Orbital Command  
  19  1:30  Reaper  
  20  1:42  Command Center  
  20  1:49  Supply Depot  
  20  1:53  SCV  
  21  2:06  SCV  
  21  2:08  Barracks Reactor  
  22  2:18  SCV  
  23  2:26  Factory  
  23  2:28  Refinery  
  23  2:30  SCV  
  24  2:42  SCV  
  25  2:46  Marine x2  
  27  2:54  SCV  
  28  3:02  Orbital Command  
  28  3:09  Marine x2  
  28  3:10  Factory Tech Lab  
  30  3:14  SCV  
  31  3:27  SCV x2  
  31  3:28  Marine x2  
  31  3:29  Siege Tank  
  38  3:40  SCV  
  39  3:43  Command Center  
  39  3:44  SCV  
  39  3:47  Marine x2  
  42  3:52  SCV, Starport  
  43  3:56  SCV  
  43  3:59  Supply Depot  
  44  4:04  SCV  
  44  4:09  Marine  
  46  4:20  Siege Tank, Marine  
  49  4:24  SCV x2  
  49  4:29  Refinery  
  51  4:32  Viking  
  51  4:36  SCV  
  54  4:38  Supply Depot  
  54  4:43  Barracks  
  54  4:45  Barracks  
  54  4:54  Marine x2  
  54  4:55  SCV x2  
  63  5:07  SCV  
Show
View Real Time Build Order
Export as new Build Order

LilDicky Terran 

Build Orders: Command Center First (CC), Mech 

Get SALT Encoding   

  12  0:05  SCV  
  13  0:26  SCV  
  14  0:34  Supply Depot  
  14  0:46  SCV  
  15  1:00  Command Center  
  15  1:07  Barracks  
  15  1:10  SCV  
  16  1:52  SCV  
  17  1:55  Marine  
  17  1:56  Supply Depot  
  18  2:04  Refinery  
  18  2:05  Refinery  
  18  2:07  Orbital Command  
  18  2:11  Orbital Command  
  18  2:13  Marine  
  19  2:30  Marine  
  20  2:48  Marine  
  21  2:54  SCV  
  21  2:57  SCV  
  23  2:59  Command Center  
  23  3:04  Refinery  
  23  3:11  Refinery  
  23  3:12  Marine  
  24  3:28  SCV  
  24  3:30  Factory  
  24  3:33  SCV  
  26  3:39  Marine  
  26  3:40  SCV  
  28  3:45  SCV  
  29  3:57  SCV  
  30  4:03  SCV  
  30  4:09  SCV  
  32  4:10  Marine  
  32  4:15  Factory Tech Lab  
  32  4:16  Orbital Command  
  31  4:29  Starport, Marine  
  32  4:31  Factory  
  32  4:32  SCV, Factory  
  33  4:39  Orbital Command  
  33  4:51  Siege Tank  
  36  4:55  Marine  
  37  5:00  SCV  
  37  5:01  SCV, Engineering Bay  
Tags
 
Add a new tag
Caveats
  • Supply blocks, unpowered buildings, or Contaminate may cause inaccurate times.
  • Supply counts are checked every 10 seconds.